[Event "Titled Tuesday Blitz April 18 Early 2023"]
[White "Rosenberg, Evan S"]
[Black "Barria Santos, Jose Guilherme"]
[WhiteFideId "2019299"]
[BlackFideId "1939300"]
[WhiteElo "2286"]
[BlackElo "2266"]
[Result "1-0"]
[Round "05"]
[TimeControl "180+2"]
[Date "2023.04.18"]
[WhiteClock "0:00:30"]
[BlackClock "0:00:26"]

1. d4 Nf6 2. Nf3 g6 3. Nc3 Bg7 4. e4 d6 5. Be2 O-O 6. O-O c5 7. d5 a6 8. a4 Bg4 9. Re1 Nbd7 10. h3 Bxf3 11. Bxf3 Ne5 12. Be2 Rb8 13. a5 Ne8 14. Bg5 b5 15. axb6 Rxb6 16. Ra2 Nc7 17. Qd2 Nb5 18. Nxb5 axb5 19. Ra7 Re8 20. Qa5 h6 21. Bxe7 Qb8 22. Ra1 Kh7 23. f4 Nc4 24. Bxc4 bxc4 25. e5 Rxb2 26. Bxd6 Qc8 27. Rxf7 Rb7 28. Rxb7 Qxb7 29. Qxc5 Rc8 30. Qd4 c3 31. Ra7 Qb1+ 32. Kh2 Qxc2 33. e6 Rg8 34. Be5 1-0


[Site "https://www.chess.com"]

[Event "Titled Tuesday Blitz April 18 Early 2023"]
[White "lluiss"]
[Black "Fabris, Alberto"]
[BlackFideId "801348"]
[WhiteElo "2275"]
[BlackElo "2112"]
[Result "1-0"]
[Round "05"]
[TimeControl "180+2"]
[Date "2023.04.18"]
[WhiteClock "0:00:02"]
[BlackClock "0:00:02"]

1. Nf3 Nf6 2. c4 e6 3. b3 b6 4. g3 Bb7 5. Bg2 Be7 6. Bb2 O-O 7. O-O d5 8. e3 c5 9. Qe2 Nc6 10. Rd1 Qc7 11. Nc3 a6 12. cxd5 exd5 13. d4 Rfd8 14. Rac1 Rac8 15. dxc5 bxc5 16. Na4 Na7 17. Bxf6 Bxf6 18. Rxc5 Qd6 19. Rdc1 Nb5 20. Rxc8 Rxc8 21. Rxc8+ Bxc8 22. Qc2 Be6 23. Qc5 h6 24. Qxd6 Nxd6 25. Bf1 a5 26. Nc5 Kf8 27. Bd3 Ke7 28. Nd4 Bd7 29. Kf1 Kd8 30. Ke2 Kc7 31. f3 g6 32. a3 Be8 33. b4 axb4 34. axb4 Kb6 35. Kd2 Be7 36. Kc3 Nb5+ 37. Nxb5 Bxb5 38. Bc2 Bxc5 39. bxc5+ Kxc5 40. Bb3 Bc6 41. f4 Bd7 42. Bc2 g5 43. Bd3 gxf4 44. gxf4 Bg4 45. Bh7 f6 46. Bg8 Bf3 47. h4 Be4 48. Bf7 Bf3 49. h5 Be4 50. Bg6 Bf3 51. Bf7 Be4 52. Bg6 Bf3 53. Kd3 1-0


[Site "https://www.chess.com"]

[Event "Titled Tuesday Blitz April 18 Early 2023"]
[White "Kowalysko, Roman"]
[Black "Coelho, Ramyres Santana"]
[WhiteFideId "30918510"]
[BlackFideId "2120690"]
[WhiteElo "2108"]
[BlackElo "1888"]
[Result "0-1"]
[Round "05"]
[TimeControl "180+2"]
[Date "2023.04.18"]
[WhiteClock "0:00:55"]
[BlackClock "0:00:59"]

1. e4 c5 2. Nf3 d6 3. d4 cxd4 4. Nxd4 Nf6 5. Nc3 a6 6. Qf3 e6 7. Qg3 Nbd7 8. Bg5 Be7 9. f4 h6 10. Bh4 Nxe4 11. Bxe7 Nxg3 12. Bxd8 Nxh1 13. Bh4 g5 14. fxg5 hxg5 15. Bxg5 Rxh2 16. O-O-O Ng3 17. Bf4 Nxf1 18. Bxh2 Nxh2 19. Rh1 Ng4 20. Rh8+ Ke7 21. Na4 Ngf6 22. Kd2 Nd5 23. c4 N5b6 24. Nc3 Nxc4+ 25. Kc2 Nce5 26. Na4 b5 27. Nc3 Bb7 28. Rxa8 Bxa8 29. Kd2 Bxg2 30. Ncxb5 axb5 31. Nxb5 Bc6 32. Nc3 Nc4+ 33. Kc2 Nc5 34. b3 Ne3+ 35. Kd2 Nd5 36. Ne2 Ne4+ 37. Ke1 Bb5 38. Ng1 Ne3 39. a4 Bd3 40. b4 Kd7 41. Nf3 Kc6 42. Nd4+ Kd5 43. Nb3 Kc4 44. Nc1 Bc2 45. Ke2 Nd5 46. b5 Bxa4 47. Kf3 Nd2+ 48. Ke2 Nb3 49. Nd3 Nc3+ 50. Ke3 Bxb5 51. Nb2+ Kd5 52. Kf3 e5 53. Ke3 f5 54. Kf2 f4 55. Ke1 e4 56. Kf2 e3+ 57. Ke1 Ke4 58. Nc4 Be8 59. Nxd6+ Kd3 60. Nxe8 f3 61. Nd6 Nd2 62. Ne4 Ncxe4 63. Kd1 e2+ 64. Ke1 f2# 0-1


[Site "https://www.chess.com"]

[Event "Titled Tuesday Blitz April 18 Early 2023"]
[White "Winkels, Marcel"]
[Black "Clawitter, Craig"]
[WhiteFideId "1003887"]
[BlackFideId "2023105"]
[WhiteElo "1900"]
[BlackElo "2243"]
[Result "0-1"]
[Round "05"]
[TimeControl "180+2"]
[Date "2023.04.18"]
[WhiteClock "0:00:35"]
[BlackClock "0:00:11"]

1. d4 e6 2. Nc3 d5 3. Bf4 Nf6 4. Nb5 Na6 5. e3 Be7 6. Nf3 O-O 7. Be2 Bd7 8. O-O Bxb5 9. Bxb5 Nb8 10. Bd3 c5 11. c3 Nc6 12. Ne5 Qb6 13. Rb1 Rac8 14. Qf3 Rfd8 15. Qh3 g6 16. Bg5 Qc7 17. Nxc6 Qxc6 18. Qh4 Kg7 19. Qh6+ Kg8 20. Qh4 Kg7 21. f3 cxd4 22. exd4 h5 23. Rfe1 Qb6 24. Kh1 Rd7 25. Re5 Ng8 26. Bxe7 Nxe7 27. Qg3 Nf5 28. Bxf5 exf5 29. Rxf5 Rxc3 30. Qe5+ Kh7 31. Qe8 gxf5 32. Qxd7 Qe6 33. Qd6 Qxd6 0-1


[Site "https://www.chess.com"]

[Event "Titled Tuesday Blitz April 18 Early 2023"]
[White "Chincholimath, Halsagar"]
[Black "Simonovic, Miroslav"]
[WhiteFideId "5022487"]
[BlackFideId "919152"]
[WhiteElo "1737"]
[BlackElo "2042"]
[Result "0-1"]
[Round "05"]
[TimeControl "180+2"]
[Date "2023.04.18"]
[WhiteClock "0:00:26"]
[BlackClock "0:00:17"]

1. e4 c5 2. Nc3 Nc6 3. f4 g6 4. Nf3 Bg7 5. Bb5 e6 6. O-O Nge7 7. a4 Nd4 8. d3 a6 9. Bc4 d5 10. Ba2 O-O 11. Nxd4 cxd4 12. Ne2 dxe4 13. dxe4 b5 14. Kh1 Bb7 15. Qd3 Qd7 16. Ng3 bxa4 17. f5 exf5 18. exf5 Nd5 19. Bd2 Rad8 20. Ne4 Qc6 21. Rf2 gxf5 22. Rxf5 Ne3 23. Rxf7 Rxf7 24. Bxf7+ Kxf7 25. Ng5+ Ke8 26. Nf3 Qe4 27. Qb3 axb3 28. Ng5 Qxg2# 0-1


[Site "https://www.chess.com"]

[Event "Titled Tuesday Blitz April 18 Early 2023"]
[White "Quirke, Jeffrey"]
[Black "Steenbekkers, Franck"]
[WhiteFideId "2013029"]
[BlackFideId "1004220"]
[WhiteElo "2238"]
[BlackElo "2086"]
[Result "1-0"]
[Round "05"]
[TimeControl "180+2"]
[Date "2023.04.18"]
[WhiteClock "0:00:05"]
[BlackClock "0:00:03"]

1. e4 c5 2. Nc3 Nc6 3. f4 g6 4. Nf3 Bg7 5. a4 e6 6. e5 f6 7. Bb5 Nge7 8. Ne4 O-O 9. exf6 Bxf6 10. Nxf6+ Rxf6 11. d3 a6 12. Bxc6 Nxc6 13. O-O d5 14. b3 Qc7 15. g3 Bd7 16. Bb2 d4 17. Qe2 Raf8 18. Rae1 Rf5 19. Nd2 e5 20. fxe5 Rxf1+ 21. Rxf1 Rxf1+ 22. Qxf1 Qxe5 23. Nc4 Qh5 24. Bc1 b5 25. axb5 axb5 26. Nd6 Ne5 27. h4 Bc6 28. Bf4 Nf3+ 29. Kf2 Qg4 30. Qa1 Nxh4 31. Qa7 Qf3+ 32. Ke1 Ng2+ 33. Kd2 Bd5 34. Qb8+ Kg7 35. Qc7+ Kf6 36. Ne8+ Kf5 37. Qe5+ Kg4 38. Qg5+ Kh3 39. Qh6+ Qh5 40. Qxh5+ gxh5 41. Bd6 h4 42. gxh4 Kxh4 43. Bxc5 h5 44. Bxd4 Kg4 45. Nf6+ Kf5 46. Nxd5 h4 47. Ne3+ Nxe3 48. Bxe3 h3 49. Bg1 Kg4 50. Bh2 Kf3 51. d4 Kg2 52. Be5 b4 53. d5 h2 54. Bxh2 1-0


[Site "https://www.chess.com"]

[Event "Titled Tuesday Blitz April 18 Early 2023"]
[White "Maranhao,Jose Renato Ruiz"]
[Black "Larina, Maria"]
[WhiteFideId "2135175"]
[BlackFideId "24113182"]
[WhiteElo "1970"]
[BlackElo "1848"]
[Result "0-1"]
[Round "05"]
[TimeControl "180+2"]
[Date "2023.04.18"]
[WhiteClock "0:00:02"]
[BlackClock "0:00:34"]

1. e4 c6 2. d4 d5 3. e5 Bf5 4. Nf3 e6 5. Be2 Nd7 6. O-O h6 7. Be3 Ne7 8. c4 dxc4 9. Bxc4 Nb6 10. Be2 Nbd5 11. Nc3 g5 12. Qb3 Qb6 13. Na4 Qc7 14. Rfc1 Bg6 15. Bd2 Nf5 16. g4 Nh4 17. Nxh4 gxh4 18. h3 h5 19. g5 Bf5 20. Kh2 Be7 21. f4 O-O-O 22. Bf3 Kb8 23. Rc5 Bxc5 24. Nxc5 Ka8 25. Rc1 Qb6 26. Qa4 Rc8 0-1


[Site "https://www.chess.com"]

[Event "Titled Tuesday Blitz April 18 Early 2023"]
[White "Sankalan Shah"]
[Black "Osiecki, Stanislaw"]
[WhiteFideId "25600362"]
[BlackFideId "1102990"]
[WhiteElo "2118"]
[BlackElo "2088"]
[Result "0-1"]
[Round "05"]
[TimeControl "180+2"]
[Date "2023.04.18"]
[WhiteClock "0:01:19"]
[BlackClock "0:00:52"]

1. d4 Nf6 2. c4 g6 3. Nc3 Bg7 4. e4 d6 5. h3 O-O 6. Be3 e5 7. d5 Nh5 8. g3 a5 9. Be2 Nf6 10. h4 h5 11. Nf3 Ng4 12. Bg5 f6 13. Bd2 Na6 14. a3 Nc5 15. b4 axb4 16. axb4 Rxa1 17. Qxa1 Nb3 18. Qb2 Nxd2 19. Nxd2 Bh6 20. O-O f5 21. c5 f4 22. Nc4 fxg3 23. fxg3 Ne3 24. Nxe3 Bxe3+ 25. Kg2 dxc5 26. bxc5 Rxf1 27. Bxf1 Bxc5 28. Nb5 Qd7 29. Kh2 Bd6 30. Na7 Qf7 31. Nxc8 Qxf1 32. Nxd6 cxd6 33. Qxb7 Qe2+ 34. Kh3 Qxe4 35. Qb8+ Kg7 36. Qc7+ Kh6 37. Qxd6 Qh1# 0-1


[Site "https://www.chess.com"]

[Event "Titled Tuesday Blitz April 18 Early 2023"]
[White "rionelG"]
[Black "AKINSEYE, Akinleye"]
[BlackFideId "8504458"]
[WhiteElo "2201"]
[BlackElo "1906"]
[Result "0-1"]
[Round "05"]
[TimeControl "180+2"]
[Date "2023.04.18"]
[WhiteClock "0:01:31"]
[BlackClock "0:02:25"]

1. e4 d5 2. exd5 Qxd5 3. Nc3 Qd6 4. d4 Nf6 5. Bc4 g6 6. Nf3 Bg7 7. Ne5 O-O 8. Bf4 Qd8 9. Qf3 e6 10. O-O-O Nbd7 11. g4 c6 12. h4 Nb6 13. Bd3 Nfd5 14. Nxd5 Nxd5 15. Bd2 a5 16. h5 a4 17. hxg6 fxg6 18. Qh3 Nf6 0-1


[Site "https://www.chess.com"]

[Event "Titled Tuesday Blitz April 18 Early 2023"]
[White "Lazavik, Denis"]
[Black "Nakamura, Hikaru"]
[WhiteFideId "13515110"]
[BlackFideId "2016192"]
[WhiteElo "2560"]
[BlackElo "2885"]
[Result "1/2-1/2"]
[Round "06"]
[TimeControl "180+2"]
[Date "2023.04.18"]
[WhiteClock "0:00:18"]
[BlackClock "0:00:10"]

1. d4 Nf6 2. c4 e6 3. Nf3 d5 4. g3 Bb4+ 5. Bd2 Be7 6. Bg2 O-O 7. O-O c6 8. Qc2 b6 9. Bf4 Ba6 10. Nbd2 Nbd7 11. Rfc1 c5 12. dxc5 Nxc5 13. Ne5 Rc8 14. b4 Ncd7 15. Qa4 Nxe5 16. Bxe5 Bxc4 17. Nxc4 Rxc4 18. Rxc4 dxc4 19. Rd1 Qc8 20. Qxa7 Bxb4 21. Qxb6 Bc5 22. Qc7 Ng4 23. e3 Nxe5 24. Qxe5 Bb4 25. Qb5 Ba3 26. Be4 c3 27. Bc2 Qa8 28. Qb3 Bb2 29. a4 h5 30. Qc4 g6 31. Qd4 Rc8 32. Qf6 Qb7 33. Rd4 Qc7 34. h4 Rf8 35. Rf4 Qd8 36. Qxd8 Rxd8 37. Rd4 Ra8 38. Kf1 Kg7 39. Ke2 Kf6 40. Kd3 Ke7 41. Rc4 Rd8+ 42. Rd4 Ra8 43. Rb4 Ra7 44. Rb5 Rd7+ 45. Kc4 Rd2 46. Kb3 Rxf2 47. a5 Bc1 48. Re5 f6 49. a6 fxe5 50. a7 Rf8 51. Be4 Bxe3 52. a8=Q Rxa8 53. Bxa8 Bf2 54. Be4 Kf6 55. g4 hxg4 56. Kxc3 Bxh4 57. Kd3 Bg5 58. Bg2 Bf4 59. Ke4 Ke7 60. Bf1 Kd6 61. Be2 g3 62. Kf3 e4+ 63. Kg2 g5 64. Bc4 e3 65. Kf3 e5 66. Bf1 Kd5 67. Ke2 Kd4 68. Bg2 Kc5 69. Bh1 Kd6 70. Bg2 Ke6 71. Bf3 Kf5 72. Kf1 g4 73. Bg2 Bg5 74. Ke2 Be7 75. Kf1 Bc5 76. Ke2 Kf4 77. Kf1 Bb6 78. Ke2 Bc5 79. Bh1 Bd6 80. Bg2 Be7 81. Kf1 Bb4 82. Ke2 Ba5 83. Kf1 Bc7 84. Ke2 Bd8 85. Kf1 Kf5 86. Ke2 Bg5 87. Kf1 Ke6 88. Ke2 Kd6 89. Kf1 Kc5 90. Ke2 Kc4 91. Bh1 g2 92. Bxg2 Kd4 93. Bh1 e4 94. Bg2 Ke5 95. Bh1 Kf4 96. Bg2 Bf6 97. Bh1 Bd4 98. Bg2 Bc5 99. Bh1 Bb6 100. Bg2 Ba7 101. Bh1 Kg3 102. Bxe4 Kh2 103. Kf1 g3 104. Bf3 Bb6 105. Be4 Kh3 106. Bg2+ Kh2 107. Be4 g2+ 108. Bxg2 e2+ 109. Kxe2 1/2-1/2


[Site "https://www.chess.com"]

[Event "Titled Tuesday Blitz April 18 Early 2023"]
[White "Le, Tuan Minh"]
[Black "Pranesh M"]
[WhiteFideId "12401153"]
[BlackFideId "35028600"]
[WhiteElo "2566"]
[BlackElo "2437"]
[Result "1-0"]
[Round "06"]
[TimeControl "180+2"]
[Date "2023.04.18"]
[WhiteClock "0:00:58"]
[BlackClock "0:00:03"]

1. d4 Nf6 2. Nf3 d5 3. Bf4 Bf5 4. e3 e6 5. c4 Bd6 6. Bg5 h6 7. Bxf6 Qxf6 8. Qb3 O-O 9. Nc3 Nc6 10. cxd5 exd5 11. Nxd5 Qe6 12. Nc3 Qf6 13. Be2 Nb4 14. e4 Bh7 15. a3 Nc6 16. e5 Nxd4 17. Nxd4 Qxe5 18. Nf3 Qh5 19. O-O Rae8 20. Rfe1 Re6 21. Qd5 Bf5 22. Bd3 Rf6 23. Ne4 Rg6 24. Nxd6 Rxg2+ 25. Kh1 1-0


[Site "https://www.chess.com"]

[Event "Titled Tuesday Blitz April 18 Early 2023"]
[White "Mahdavi, Reza"]
[Black "Korobov, Anton"]
[WhiteFideId "12595926"]
[BlackFideId "14105730"]
[WhiteElo "2357"]
[BlackElo "2638"]
[Result "0-1"]
[Round "06"]
[TimeControl "180+2"]
[Date "2023.04.18"]
[WhiteClock "0:00:04"]
[BlackClock "0:00:31"]

1. Nf3 d5 2. g3 c6 3. Bg2 Bg4 4. O-O Nd7 5. d3 e6 6. Nbd2 Bd6 7. b3 Ne7 8. Bb2 O-O 9. c4 a5 10. h3 Bh5 11. a3 b5 12. Rc1 Qb6 13. Qc2 Rfc8 14. Qb1 Bxg3 15. c5 Qb8 16. fxg3 Qxg3 17. Rf2 f6 18. Nf1 Qc7 19. e4 Bg6 20. Re1 Nxc5 21. b4 axb4 22. axb4 Na4 23. exd5 Nxd5 24. Nd4 e5 25. Nxb5 Qd7 26. Na3 Nf4 27. Rxf4 exf4 28. Qc1 Nxb2 29. Qxb2 Qxd3 30. Nb1 f3 31. Bh1 Re8 32. Rxe8+ Rxe8 33. Nbd2 Re2 34. Bxf3 Qxf3 35. Qa2+ Qd5 36. Qa8+ Re8 37. Qb7 Bd3 0-1


[Site "https://www.chess.com"]

[Event "Titled Tuesday Blitz April 18 Early 2023"]
[White "Andreikin, Dmitry"]
[Black "Timofeev, Artyom"]
[WhiteFideId "4158814"]
[BlackFideId "4140419"]
[WhiteElo "2736"]
[BlackElo "2586"]
[Result "1/2-1/2"]
[Round "06"]
[TimeControl "180+2"]
[Date "2023.04.18"]
[WhiteClock "0:01:07"]
[BlackClock "0:01:28"]

1. Nf3 c5 2. c4 Nf6 3. Nc3 Nc6 4. g3 d5 5. cxd5 Nxd5 6. Bg2 Nc7 7. a3 g6 8. b4 cxb4 9. axb4 Bg7 10. O-O O-O 11. Ba3 a6 12. Rc1 Nb5 13. Bb2 Nxb4 14. Qb3 Nxc3 15. Bxc3 Bxc3 16. Rxc3 a5 17. h4 Be6 18. Qb2 h6 19. d3 Qd6 20. h5 g5 21. Nd2 Rac8 22. Ne4 Qb6 23. Kh2 Rxc3 24. Qxc3 Rc8 25. Qe5 Nc6 26. Qa1 Qd4 27. Qa3 Qb4 28. Qa1 Qd4 29. Qa3 Qb4 30. Qa1 Qd4 1/2-1/2


[Site "https://www.chess.com"]

[Event "Titled Tuesday Blitz April 18 Early 2023"]
[White "Kovalenko, Igor"]
[Black "Deac, Bogdan-Daniel"]
[WhiteFideId "14117908"]
[BlackFideId "1226380"]
[WhiteElo "2574"]
[BlackElo "2649"]
[Result "1-0"]
[Round "06"]
[TimeControl "180+2"]
[Date "2023.04.18"]
[WhiteClock "0:01:10"]
[BlackClock "0:00:01"]

1. c4 Nf6 2. Nc3 c5 3. Nf3 Nc6 4. g3 e6 5. Bg2 d5 6. cxd5 exd5 7. d4 cxd4 8. Nxd4 Bc5 9. Nb3 Bb6 10. O-O d4 11. Na4 O-O 12. Bg5 Re8 13. Re1 h6 14. Bxf6 Qxf6 15. Nxb6 axb6 16. Bxc6 bxc6 17. Qxd4 Qd8 18. a3 Qc7 19. Rad1 c5 20. Qd6 Qb7 21. Nd2 Bh3 22. Nf3 Ra4 23. Qd5 Qc7 24. Nd2 Rd4 25. Qb3 Qc6 26. f3 Red8 27. Nf1 Qd6 28. Rxd4 Qxd4+ 29. Ne3 Re8 30. Kf2 c4 31. Qc3 Qc5 32. Rd1 b5 33. Qd4 Qh5 34. Qd5 Re5 35. Qd8+ Kh7 36. Qh4 Qxh4 37. gxh4 Be6 38. Rd4 Rc5 39. Nd1 b4 40. axb4 Rb5 41. Nc3 Rxb4 42. Rd2 Kg6 43. e4 Kh5 44. Kg3 g5 45. hxg5 hxg5 46. Ne2 Rb6 47. Nd4 Rd6 48. f4 gxf4+ 49. Kxf4 Rb6 50. Nxe6 fxe6 51. Ke5 Kg4 52. Rg2+ Kf3 53. Rc2 Ke3 54. h4 Kd3 55. Rh2 Rb5+ 56. Kxe6 Kxe4 57. h5 Rb6+ 58. Kf7 Rb7+ 59. Kg6 Rb6+ 60. Kg5 Rb5+ 61. Kg4 Rb8 62. h6 Rg8+ 63. Kh5 Kf5 64. Rf2+ Ke6 65. h7 Rh8 66. Kg6 Rc8 67. Re2+ 1-0


[Site "https://www.chess.com"]

[Event "Titled Tuesday Blitz April 18 Early 2023"]
[White "Drozdowski, Kacper"]
[Black "Bacallao Alonso, Yusnel"]
[WhiteFideId "1136720"]
[BlackFideId "3507416"]
[WhiteElo "2497"]
[BlackElo "2561"]
[Result "0-1"]
[Round "06"]
[TimeControl "180+2"]
[Date "2023.04.18"]
[WhiteClock "0:00:10"]
[BlackClock "0:00:37"]

1. e4 c6 2. d4 d5 3. e5 c5 4. dxc5 e6 5. Be3 Nd7 6. Bb5 Qc7 7. Nf3 Bxc5 8. Bxc5 Qxc5 9. Nc3 Ne7 10. Qd4 Qc7 11. Bxd7+ Bxd7 12. O-O O-O 13. Rfe1 Rfc8 14. Rad1 b5 15. a3 a5 16. Qf4 Ng6 17. Qg4 Rab8 18. Rd4 Qb6 19. h4 h6 20. h5 Ne7 21. Rd2 Rc4 22. Qh3 b4 23. Ne2 bxa3 24. bxa3 Qc5 25. Ra1 Rxc2 26. Rxc2 Qxc2 27. Ned4 Qb2 28. Re1 Qxa3 29. Qh4 Kf8 30. g4 Rb4 31. Qh1 Qc3 32. Rd1 a4 33. g5 Nf5 34. Nxf5 exf5 35. gxh6 Rg4+ 36. Kh2 gxh6 37. Rxd5 Bc6 38. Rd8+ Kg7 39. e6 Qf6 40. Qd1 Bxf3 41. Qxf3 Qh4+ 42. Qh3 Qxf2+ 43. Kh1 Qg1# 0-1


[Site "https://www.chess.com"]

[Event "Titled Tuesday Blitz April 18 Early 2023"]
[White "Drygalov, Andrey"]
[Black "Naroditsky, Daniel"]
[WhiteFideId "24171735"]
[BlackFideId "2026961"]
[WhiteElo "2466"]
[BlackElo "2633"]
[Result "1-0"]
[Round "06"]
[TimeControl "180+2"]
[Date "2023.04.18"]
[WhiteClock "0:00:06"]
[BlackClock "0:00:03"]

1. e4 c5 2. Nf3 d6 3. d4 cxd4 4. Nxd4 Nf6 5. Nc3 a6 6. Be3 e5 7. Nb3 Be6 8. f3 Be7 9. Qd2 O-O 10. O-O-O a5 11. a4 Nc6 12. Kb1 Nb4 13. g4 Rc8 14. g5 Ne8 15. h4 d5 16. Nxd5 Bxd5 17. exd5 Rxc2 18. Qe1 Qc8 19. Bd3 Nxd3 20. Rxd3 Nd6 21. Nxa5 Rg2 22. Qc3 Qf5 23. Ka2 Rc8 24. Qb3 Qxf3 25. Nxb7 Rxb2+ 26. Qxb2 Qxh1 27. Bc5 Qe4 28. Qb3 Qe2+ 29. Kb1 Nxb7 30. Bxe7 Na5 31. Rc3 Qe1+ 32. Kb2 Qd2+ 33. Qc2 Rb8+ 34. Ka3 Qxc2 35. Rxc2 f5 36. gxf6 gxf6 37. Bxf6 e4 38. d6 Kf7 39. Be5 Ke6 40. Bd4 Rb3+ 41. Ka2 Rd3 42. Bc5 Nb7 43. Bb4 Nxd6 44. a5 Nb5 45. a6 e3 46. Kb2 Rd7 47. Rc5 Nd4 48. Rc4 Kd5 49. Rc8 Ke4 50. Re8+ Kd3 51. Bc5 e2 52. a7 Rb7+ 53. Ka2 Rxa7+ 54. Bxa7 Nc2 55. Bf2 Kd2 56. Rd8+ Kc3 57. Rd7 e1=Q 58. Bxe1+ Nxe1 59. Rxh7 Kd4 60. h5 Nf3 61. h6 Ke5 62. Rf7 Ng5 63. Rf1 Ke6 64. Kb3 Ke7 65. Kc4 Ke6 66. Kd4 Ke7 67. Ke3 Ke6 68. Rf4 Ke5 69. Rf8 Ke6 70. Rf1 Ke5 71. Kd3 Ke6 72. Kd4 Nh7 73. Ke4 Ng5+ 74. Ke3 Nh7 75. Rf2 Ng5 76. Rf4 Nh7 77. Kf3 Nf6 78. Kg2 Ke5 79. Rf1 Ke6 80. Kg3 Nh7 81. Kh4 Ke7 82. Kh5 Nf8 83. Kg5 Ke8 84. Kf6 Nh7+ 85. Kg7 Ng5 86. h7 Ne6+ 87. Kg8 1-0


[Site "https://www.chess.com"]

[Event "Titled Tuesday Blitz April 18 Early 2023"]
[White "Caruana, Fabiano"]
[Black "Rustemov, Alexander"]
[WhiteFideId "2020009"]
[BlackFideId "4119002"]
[WhiteElo "2837"]
[BlackElo "2862"]
[Result "0-1"]
[Round "06"]
[TimeControl "180+2"]
[Date "2023.04.18"]
[WhiteClock "0:00:01"]
[BlackClock "0:00:03"]

1. b3 d5 2. Bb2 Nf6 3. e3 Bf5 4. Nf3 e6 5. h3 h6 6. d3 c5 7. Nbd2 Nc6 8. g3 Be7 9. Bg2 Bh7 10. O-O O-O 11. Qe2 Rc8 12. Rfd1 Qc7 13. e4 Rfd8 14. a3 b5 15. Rac1 a6 16. c4 dxc4 17. dxc4 b4 18. e5 Nd7 19. a4 Na5 20. Qe3 Nb8 21. Ne1 Nbc6 22. Be4 Bxe4 23. Nxe4 Nxe5 24. f4 Nec6 25. Nf3 Rxd1+ 26. Rxd1 Rd8 27. Re1 Qd7 28. Nf2 Nd4 29. Bxd4 cxd4 30. Qd3 Nb7 31. Ne5 Qc7 32. Qf3 Nc5 33. Nfd3 Nxb3 34. f5 Bg5 35. Kg2 exf5 36. Qxf5 Re8 37. h4 Be3 38. Rb1 f6 39. Rxb3 fxe5 40. Rxb4 e4 41. Nc5 Qf7 42. Qxf7+ Kxf7 43. Rb7+ Kg8 44. Rd7 d3 45. Nxa6 Ra8 46. Nc7 Rxa4 47. Ne6 d2 48. Nxg7 Ra1 49. Nf5 d1=Q 50. Rxd1 Rxd1 51. Nxe3 Rd2+ 52. Kf1 h5 53. Ke1 Rd3 54. Ke2 Kf7 55. g4 hxg4 56. Nxg4 Ke6 57. h5 Rh3 58. h6 Kf5 59. Ne3+ Ke5 60. c5 Kd4 61. Nf5+ Kxc5 62. Kf2 Kd5 63. Kg2 Rh5 64. Ne3+ Ke5 65. Kg3 Rg5+ 66. Kh4 Rg1 67. Kh5 Kf6 68. Ng4+ Kf7 69. Ne3 Re1 70. Ng4 e3 71. Ne5+ Kg8 72. Kg4 Rf1 73. h7+ Kxh7 74. Kg3 e2 0-1


[Site "https://www.chess.com"]

[Event "Titled Tuesday Blitz April 18 Early 2023"]
[White "So, Wesley"]
[Black "Movahed, Sina"]
[WhiteFideId "5202213"]
[BlackFideId "42520835"]
[WhiteElo "2749"]
[BlackElo "2225"]
[Result "1-0"]
[Round "06"]
[TimeControl "180+2"]
[Date "2023.04.18"]
[WhiteClock "0:01:11"]
[BlackClock "0:00:34"]

1. d4 Nf6 2. Bf4 g6 3. Nc3 d5 4. Nb5 Na6 5. e3 Bg7 6. h4 h5 7. Nf3 O-O 8. Ne5 c6 9. Nc3 c5 10. Bxa6 bxa6 11. O-O cxd4 12. exd4 Qa5 13. Nc6 Qb6 14. Nxe7+ Kh7 15. Nexd5 Nxd5 16. Nxd5 Qxb2 17. Rb1 Qxa2 18. Nc7 Bf5 19. Nxa8 Bxc2 20. Ra1 Qb3 21. Qd2 Rxa8 22. Rfc1 Bf5 23. Be5 Bh6 24. Bf4 Bg7 25. Be5 Bh6 26. Qc3 Qd5 27. Qc6 Qxc6 28. Rxc6 Bd3 29. Rc7 Kg8 30. Ra3 Bb5 31. Rac3 f5 32. d5 Bf8 33. d6 Rd8 34. Rxa7 Re8 35. f4 Rd8 36. Rcc7 Be8 37. Rh7 1-0


[Site "https://www.chess.com"]

[Event "Titled Tuesday Blitz April 18 Early 2023"]
[White "Licznerski, Lukasz"]
[Black "Bluebaum, Matthias"]
[WhiteFideId "1179250"]
[BlackFideId "24651516"]
[WhiteElo "2450"]
[BlackElo "2638"]
[Result "0-1"]
[Round "06"]
[TimeControl "180+2"]
[Date "2023.04.18"]
[WhiteClock "0:00:45"]
[BlackClock "0:01:34"]

1. e4 e6 2. d4 d5 3. Nd2 c5 4. exd5 Qxd5 5. Ngf3 cxd4 6. Bc4 Qd6 7. O-O Nf6 8. Nb3 Nc6 9. Nbxd4 Nxd4 10. Nxd4 Be7 11. c3 O-O 12. Qf3 e5 13. Nf5 Bxf5 14. Qxf5 Qc7 15. Bb3 a5 16. a4 g6 17. Qd3 Rfd8 18. Qb5 Bc5 19. Be3 Bxe3 20. fxe3 Ra6 21. Rf2 Kg7 22. Raf1 Rd7 23. Qe2 Rad6 24. Bc4 e4 25. b3 Qc5 26. Rf4 Rd2 27. Qe1 Rd1 28. Qf2 Rxf1+ 29. Kxf1 Rd1+ 30. Ke2 Qd6 0-1


[Site "https://www.chess.com"]

[Event "Titled Tuesday Blitz April 18 Early 2023"]
[White "Sarana, Alexey"]
[Black "Mammadov, Zaur"]
[WhiteFideId "24133795"]
[BlackFideId "13401033"]
[WhiteElo "2714"]
[BlackElo "2441"]
[Result "0-1"]
[Round "06"]
[TimeControl "180+2"]
[Date "2023.04.18"]
[WhiteClock "0:00:01"]
[BlackClock "0:00:15"]

1. d4 d5 2. Nf3 Nf6 3. c4 dxc4 4. e3 e6 5. Bxc4 c5 6. O-O cxd4 7. exd4 Be7 8. Nc3 O-O 9. Qd3 Nc6 10. a3 b6 11. Bg5 Bb7 12. Rfe1 Rc8 13. Rad1 h6 14. Bh4 Nh5 15. Bxe7 Nxe7 16. Ba2 Nf4 17. Qe3 Nxg2 18. Kxg2 Nf5 19. Qf4 Nh4+ 20. Kf1 Nxf3 21. Re3 Ba6+ 22. Kg2 Nh4+ 23. Kg1 Ng6 24. Qg3 Bc4 25. Bb1 Nh4 26. Re5 Qf6 27. Ne4 Qf3 28. Nc3 Qxg3+ 29. hxg3 Nf3+ 30. Kg2 Nxe5 31. dxe5 Rfd8 32. Rc1 Rd2 33. Kg1 Bd5 34. Bc2 Bf3 35. Kf1 g5 36. Ke1 Rcd8 37. Be4 g4 38. b4 Kg7 39. b5 R8d4 40. Bc6 Rb2 41. Nb1 Rc2 42. Rxc2 Rd1# 0-1


[Site "https://www.chess.com"]

[Event "Titled Tuesday Blitz April 18 Early 2023"]
[White "Samsonkin, Artiom"]
[Black "Tang, Andrew"]
[WhiteFideId "13503111"]
[BlackFideId "2059630"]
[WhiteElo "2524"]
[BlackElo "2596"]
[Result "0-1"]
[Round "06"]
[TimeControl "180+2"]
[Date "2023.04.18"]
[WhiteClock "0:00:01"]
[BlackClock "0:00:31"]

1. e4 e5 2. Nf3 Nc6 3. d4 exd4 4. Bc4 Nf6 5. e5 d5 6. Bb5 Ne4 7. Nxd4 Bc5 8. Be3 Bd7 9. Bxc6 bxc6 10. Nd2 Qh4 11. O-O O-O 12. N4f3 Qe7 13. Nxe4 dxe4 14. Bxc5 Qxc5 15. Qxd7 exf3 16. Qxc7 fxg2 17. Rfe1 Qxc2 18. b3 a5 19. Rec1 Qf5 20. Rxc6 Rac8 21. Qb6 Qxe5 22. Rac1 Rcd8 23. R6c5 Qf4 24. Qxa5 Rd2 25. Rf5 Qd6 26. Qc5 Qd3 27. Kxg2 Re8 28. Rf3 Qg6+ 29. Rg3 Qe4+ 30. Kg1 Red8 31. Rf1 h6 32. Qc4 Qf5 33. Qc3 R8d4 34. Qf3 Qe6 35. Qa8+ Kh7 36. Qf8 Qf6 37. Qc8 Rxa2 38. Qc1 Rdd2 39. Qb1+ g6 40. Qe1 Re2 0-1


[Site "https://www.chess.com"]

[Event "Titled Tuesday Blitz April 18 Early 2023"]
[White "Bortnyk, Olexandr"]
[Black "Aydincelebi, Kagan"]
[WhiteFideId "14120828"]
[BlackFideId "6361102"]
[WhiteElo "2734"]
[BlackElo "2180"]
[Result "1-0"]
[Round "06"]
[TimeControl "180+2"]
[Date "2023.04.18"]
[WhiteClock "0:01:29"]
[BlackClock "0:01:11"]

1. d4 Nf6 2. Nc3 d5 3. Bf4 g6 4. e3 Bg7 5. h4 h5 6. Nf3 Bg4 7. Qd2 Bxf3 8. gxf3 c6 9. O-O-O b5 10. Kb1 Nbd7 11. e4 b4 12. Na4 dxe4 13. fxe4 Nxe4 14. Qxb4 Nxf2 15. Re1 Nxh1 16. Bc7 c5 17. Qa5 cxd4 18. Bxd8 Rxd8 19. Qg5 O-O 20. Qg2 e5 21. Bc4 Kh7 22. Rxh1 f5 23. Rg1 Rf6 24. Qb7 e4 25. Qc7 Rff8 26. Nc5 Nxc5 27. Qxc5 f4 28. Qc6 1-0


[Site "https://www.chess.com"]